 Dungeon Sprint DCSS version 0.18.1-48-g4cf74bf (webtiles) character file.

7695 Groucho the Tortoise (level 11, -2/110 HPs)
             Began as a Minotaur Fighter on June 27, 2016.
             Was the Champion of Makhleb.
             Killed from afar by an orc sorcerer (30 damage)
             ... with a bolt of negative energy
             ... in the Dungeon (Sprint IX: "|||||||||||||||||||||||||||||").
             The game lasted 00:07:50 (1681 turns).

Groucho the Tortoise (Minotaur Fighter)             Turns: 1681, Time: 00:07:51

Health: -2/110     AC: -5    Str: 24    XL:     11   Next: 0%
Magic:  12/14      EV:  7    Int:  5    God:    Makhleb [******]
Gold:   1262       SH: 14    Dex: 13    Spells: 0 memorised, 10 levels left

rFire  . . .     SeeInvis .     a - +4 scimitar (holy)
rCold  . . .     Gourm    .     A - +0 plate armour
rNeg   . . .     Faith    .     c - +0 shield
rPois  .         Spirit   .     (helmet restricted)
rElec  .         Dismiss  .     p - +0 cloak
rCorr  .         Reflect  .     (no gloves)
SustAt .         Harm     .     y - +0 pair of boots
MR     .....     NoTele   +     (no amulet)
Stlth  ..........               r - +3 ring of dexterity
                                q - +2 ring of protection

@: corroded, heavily drained, not resistant to hostile enchantments, extremely
unstealthy
A: retaliatory headbutt, horns 2
a: Minor Destruction, Lesser Servant of Makhleb, Major Destruction, Greater
Servant of Makhleb, Renounce Religion


You were in the Dungeon.
You worshipped Makhleb.
Makhleb was exalted by your worship.
You were not hungry.

You visited 1 branch You collected 1262 gold pieces.

Inventory:

Hand Weapons
 a - a +4 scimitar of holy wrath (weapon)
Armour
 c - a +0 shield (worn)
 p - a +0 cloak (worn)
 y - a +0 pair of boots (worn)
 A - a +0 plate armour (worn)
Jewellery
 q - a +2 ring of protection (left hand)
 r - a +3 ring of dexterity (right hand)
 t - an uncursed ring of magical power
Wands
 o - a wand of acid (6/15)
Scrolls
 k - 2 scrolls of blinking
 m - 2 scrolls of remove curse
 n - 2 scrolls of amnesia
 u - 4 scrolls of recharging
 v - a scroll of fog
Potions
 d - a potion of might
 e - 6 potions of curing
 g - 5 potions of heal wounds
 h - 2 potions of haste
 i - 4 potions of magic
 j - 3 potions of berserk rage
 l - a potion of invisibility
 s - a potion of agility
Comestibles
 b - a chunk of flesh
 f - 13 bread rations
 x - 40 fruits
 z - 12 meat rations


   Skills:
 - Level 14.1(12.5) Fighting
 - Level 14.6(13.1) Long Blades
 - Level 17.1(15.4) Armour
 - Level 15.2(13.6) Shields
 * Level 5.5(4.3) Invocations


You had 10 spell levels left.
You didn't know any spells.

Dungeon Overview and Level Annotations

Branches:
Dungeon (1/1)

Altars:
Cheibriados
Dithmenos
Elyvilon
Fedhas
Gozag
Kikubaaqudgha
Makhleb
Nemelex Xobeh
Okawaru
Pakellas
Qazlal
Ru
Sif Muna
Trog
Vehumet
Xom
Yredelemnul
Zin
The Shining One
Beogh
Jiyva
Lugonu

Shops:
D }(


Innate Abilities, Weirdness & Mutations

You reflexively headbutt those who attack you in melee.
You have a pair of horns on your head.


Message History

The orc sorcerer is lightly wounded.
Unknown command.
You hit the orc sorcerer but do no damage.
The orc sorcerer is lightly wounded.
The orc sorcerer howls an incantation.
You feel troubled.
The orc sorcerer gestures wildly while chanting.
You barely miss the orc sorcerer.
The orc sorcerer is lightly wounded.
The orc sorcerer gestures at you while chanting.
The bolt of fire hits you!
* * * LOW HITPOINT WARNING * * *
The bolt of fire hits the red devil.
The red devil completely resists.
The orc sorcerer gestures wildly while chanting.
You slash the orc sorcerer! Your headbutt misses the orc sorcerer.
The orc sorcerer is heavily wounded.
The red devil barely misses you. The orc sorcerer casts a spell at you.
The bolt of negative energy hits you!
You feel drained.
You die...

▓.▓.▓.▓)▓
▓.▓.▓.▓.▓[▓
▓∩▓.▓.▓.▓.▓
▓.▓.▓.▓.▓.▓
▓o▓.▓.▓.▓[▓
▓o▓.▓.▓.▓.▓
▓o▓.▓.▓.▓[▓
▓o▓.▓.▓.▓(▓
▓@▓.▓.▓.▓|▓
▓4▓.▓†▓.▓.▓
▓)▓.▓.▓.▓.▓
▓.▓.▓.▓.▓'▓
▓.▓.▓.▓.▓_▓
▓.▓.▓.▓.▓_▓
▓.▓.▓.▓.▓_▓
▓.▓.▓.▓.▓_▓
▓)▓.▓.▓.▓_▓


You could see 2 orc sorcerers, a red devil and 2 orcs.

Vanquished Creatures
  An orc knight (D)
  2 orc sorcerers (D)
  A moth of wrath (shapeshifter) (D)
  A black mamba (D)
  A spiny frog (D)
  2 komodo dragons (D)
  2 trolls (D)
  4 polar bears (D)
  A blink frog (D)
  A hippogriff (D)
  2 yaks (D)
  3 porcupines (D)
  A water moccasin (D)
  9 orc warriors (D)
  A necrophage (D)
  An ice beast (D)
  4 black bears (D)
  A centaur (D)
  3 crocodiles (D)
  2 giant frogs (D)
  A scorpion (D)
  A howler monkey (D)
  3 orc priests (D)
  A hound (D)
  5 orc wizards (D)
  A gnoll (D)
  A river rat (D)
  A shadow imp (D)
  A giant gecko (D)
  9 orcs (D)
  A bat (D)
  A giant cockroach (D)
  A jackal (D)
  A quokka (D)
  2 giant newts (D)
  A kobold (D)
74 creatures vanquished.

Vanquished Creatures (collateral kills)
  A death knight (D)
  A deep elf mage (D)
2 creatures vanquished.

Vanquished Creatures (others)
  A spatial maelstrom (D)
1 creature vanquished.

Grand Total: 77 creatures vanquished

Notes
Turn   | Place    | Note
--------------------------------------------------------------
     0 | D        | Groucho the Minotaur Fighter began the quest for the Orb.
     0 | D        | Reached XP level 1. HP: 19/19 MP: 0/0
     0 | D        | Banished a spatial maelstrom
    12 | D        | Reached skill level 5 in Long Blades
    18 | D        | Noticed a howler monkey
    19 | D        | Reached skill level 4 in Armour
    19 | D        | Reached XP level 2. HP: 26/26 MP: 1/1
    23 | D        | Killed a howler monkey
    23 | D        | Reached skill level 7 in Armour
    23 | D        | Reached XP level 3. HP: 29/31 MP: 2/2
   223 | D        | Found a glowing silver altar of Zin.
   223 | D        | Found a glowing golden altar of the Shining One.
   223 | D        | Found an ancient bone altar of Kikubaaqudgha.
   223 | D        | Found a basalt altar of Yredelemnul.
   223 | D        | Found a shimmering altar of Xom.
   223 | D        | Found a radiant altar of Vehumet.
   224 | D        | Found an iron altar of Okawaru.
   225 | D        | Found a burning altar of Makhleb.
   226 | D        | Found a deep blue altar of Sif Muna.
   227 | D        | Found a bloodstained altar of Trog.
   228 | D        | Found a sparkling altar of Nemelex Xobeh.
   229 | D        | Found a white marble altar of Elyvilon.
   230 | D        | Found a roughly hewn altar of Beogh.
   231 | D        | Found a viscous altar of Jiyva.
   232 | D        | Found a corrupted altar of Lugonu.
   233 | D        | Became a worshipper of Makhleb the Destroyer
   234 | D        | Found a blossoming altar of Fedhas.
   235 | D        | Found a snail-covered altar of Cheibriados.
   236 | D        | Found a shadowy altar of Dithmenos.
   237 | D        | Found a stormy altar of Qazlal.
   238 | D        | Found an opulent altar of Gozag.
   239 | D        | Found a sacrificial altar of Ru.
   240 | D        | Found an oddly glowing altar of Pakellas.
   289 | D        | Noticed an ice beast
   289 | D        | Noticed a centaur
   289 | D        | Noticed a troll
   289 | D        | Noticed a necrophage
   290 | D        | Reached skill level 5 in Shields
   299 | D        | Killed a necrophage
   299 | D        | Reached XP level 4. HP: 39/39 MP: 3/3
   299 | D        | Reached XP level 5. HP: 45/45 MP: 4/4
   303 | D        | Killed a troll
   303 | D        | Reached * piety under Makhleb
   303 | D        | Reached XP level 6. HP: 34/51 MP: 5/5
   309 | D        | Reached ** piety under Makhleb
   309 | D        | Reached skill level 8 in Armour
   318 | D        | Killed an ice beast
   318 | D        | Reached skill level 5 in Fighting
   318 | D        | Reached XP level 7. HP: 52/61 MP: 6/6
   368 | D        | Noticed a deep elf mage
   368 | D        | Noticed a yak
   368 | D        | Noticed a death knight
   368 | D        | Noticed a troll
   370 | D        | Reached skill level 9 in Armour
   383 | D        | Killed a troll
   383 | D        | Reached *** piety under Makhleb
   383 | D        | Reached skill level 10 in Armour
   392 | D        | Killed a deep elf mage
   392 | D        | Reached skill level 11 in Armour
   392 | D        | Reached XP level 8. HP: 35/78 MP: 0/7
   394 | D        | HP: 2/78 [burnt (5)]
   425 | D        | Killed a death knight
   425 | D        | Reached skill level 10 in Fighting
   425 | D        | Reached skill level 12 in Armour
   735 | D        | Noticed a moth of wrath
   743 | D        | Killed a moth of wrath
   743 | D        | Reached **** piety under Makhleb
   896 | D        | Noticed a spiny frog
   897 | D        | Reached skill level 10 in Shields
   897 | D        | Reached XP level 9. HP: 86/86 MP: 8/8
   909 | D        | Killed a spiny frog
   911 | D        | Reached ***** piety under Makhleb
   919 | D        | Noticed a komodo dragon
   928 | D        | Killed a komodo dragon
   934 | D        | Noticed a black mamba
   934 | D        | Noticed a komodo dragon
   949 | D        | Killed a komodo dragon
   949 | D        | Reached skill level 13 in Armour
   953 | D        | Reached ****** piety under Makhleb
   953 | D        | Reached skill level 15 in Shields
   968 | D        | Killed a black mamba
   968 | D        | Reached skill level 14 in Armour
   968 | D        | Reached XP level 10. HP: 94/94 MP: 9/9
   982 | D        | Reached skill level 15 in Armour
  1124 | D        | Reached skill level 16 in Armour
  1144 | D        | Reached skill level 17 in Armour
  1620 | D        | Found Usovaef's Weapon Boutique.
  1620 | D        | Noticed an orc sorcerer
  1620 | D        | Noticed an orc sorcerer
  1620 | D        | Noticed an orc knight
  1622 | D        | Noticed an orc sorcerer
  1625 | D        | Noticed a rust devil
  1628 | D        | Noticed an orc sorcerer
  1636 | D        | Killed an orc knight
  1638 | D        | Noticed a sun demon
  1644 | D        | Killed an orc sorcerer
  1647 | D        | Noticed a rust devil
  1656 | D        | Found Soniunka's Gadget Shop.
  1657 | D        | Noticed a sixfirhy
  1658 | D        | Killed an orc sorcerer
  1658 | D        | Reached skill level 5 in Invocations
  1658 | D        | Reached XP level 11. HP: 105/110 MP: 10/14
  1681 | D        | Killed from afar by an orc sorcerer

Skill      XL: |  1  2  3  4  5  6  7  8  9 10 |
---------------+-------------------------------+-----
Long Blades    | 5 9 13 14 | 14.6
Armour         | 4 7 8 11 12 14 17 | 17.1
Shields        | 5 10 15 | 15.2
Fighting       | 5 9 10 14 | 14.1
Invocations    | 5 |  5.5

Action                   |  1- 3 |  4- 6 |  7- 9 | 10-12 || total
-------------------------+-------+-------+-------+-------++-------
Melee: Long sword        |    25 |       |       |       ||    25
       Headbutt          |     7 |     6 |    14 |    51 ||    78
       Scimitar          |    10 |    17 |    89 |   183 ||   299
Invok: Lesser Servant of |       |       |     1 |       ||     1
       Minor Destruction |       |       |       |     2 ||     2
Evoke: Wand              |       |       |       |     1 ||     1
  Use: Potion            |       |       |     2 |       ||     2
       Scroll            |       |       |     2 |     1 ||     3
  Eat: Chunk             |       |       |       |     3 ||     3
Armor: Scale mail        |    11 |       |       |       ||    11
       Chain mail        |     4 |     5 |    19 |    28 ||    56
       Plate armour      |       |       |       |    28 ||    28
Dodge: Dodged            |     9 |     5 |    15 |    31 ||    60
Block: Shield            |    14 |     6 |    40 |    85 ||   145
